Match 47471982
Unlisted

Match 47471982
End
250 Light Carrier
Panzergrenadier Squad
Selects Armored Support Battlegroup
Panzergrenadier Squad
Construct Light Support Kompanie
Selects Veteran Gunners
Selects Salvage Kits
MG34 Team
2.5-tonne Medical Truck
Fire Support Elements
Panzerjäger Mechanized Group
Veteran Squad Leaders
Flakvierling Half-track
Selects Veteran Gunners
Construct Panzerarmee Kommand
Tungsten Core Ammunition
Selects Panzer Storm
Panzer III L Medium Tank
Panzer III L Medium Tank
Panzer Storm
Advanced Optics
Walking Stuka Rocket Launcher
Selects Stuka Anti-tank Loiter
Walking Stuka Rocket Launcher
Stuka Anti-tank Loiter
Panzer III L Medium Tank
Construct Mechanized Kompanie
Selects Flammpanzer III Medium Tank
Selects Command Panzer IV F Medium Tank
Armored Reserves
18-tonne Recovery Half-track
Forward Retreat Point
Tiger Heavy Tank
Rapid Advance
Advanced Field Repairs
Panzer Storm
Command Panzer IV F Medium Tank
Walking Stuka Rocket Launcher
Stuka Anti-tank Loiter
rotar2002
Unsafe
$kaffa soldier
CiscoCrisco
Tr1kster
montheponies
Company of Heroes 3
Bouncy Knight
0
0

Comments sign in to comment!

No comments posted yet!